 Dungeon Crawl Stone Soup version 0.31-a0-128-g25add195a6 (webtiles) character file.

Game seed: 12460171545838431849

2497 kae the Transmogrifier (level 9, -2/78 (84) HPs)
             Began as a Red Draconian Transmuter on June 1, 2023.
             Slain by a wight
             ... wielding a +0 spear
              (3 damage)
             ... on level 6 of the Dungeon.
             The game lasted 00:06:41 (5793 turns).

kae the Transmogrifier (Red Draconian Transmuter)   Turns: 5793, Time: 00:06:41

HP:   -2/78 (84)    AC:  9    Str: 12    XL:     9   Next: 28%
MP:   6/15          EV: 10    Int: 17    God:
Gold: 265           SH:  0    Dex: 13    Spells: 6/16 levels left

rFire   x . .        f - melded +6 dagger "Icegh" {heavy, rElec Int+6}
rCold   + + +        (shield currently unavailable)
rNeg    . . .        (body armour unavailable)
rPois   +            (helmet currently unavailable)
rElec   .            (cloak currently unavailable)
rCorr   .            (gloves currently unavailable)
SInv    .            (boots currently unavailable)
Will    .....        (no amulet)
Stlth   +            (no ring)
HPRegen 0.33/turn    (no ring)
MPRegen 0.14/turn

%: no passive effects
@: mighty, lethally poisoned (-2 -> -5), ice-form, wereblooded (expiring), very
slightly contaminated, drained
A: freezing attack, amphibious, boosted hp, (breathe fire), AC +7, large,
unfitting armour, (fire resistance 1), (cold-blooded)
a: End Transformation


You were on level 6 of the Dungeon.
You were a creature of crystalline ice.
You visited 2 branches of the dungeon, and saw 7 of its levels.
You also visited: Sewer.

You collected 265 gold pieces.


Innate Abilities, Weirdness & Mutations

You are a creature of crystalline ice.
You have a powerful freezing melee attack.
You are amphibious.
Your maximum health is increased.
Your armour is entirely melded.
You are incapable of wielding weapons or throwing items.
((You can breathe blasts of fire.))
((Your fiery red scales are hard. (AC +7)))
You cannot fit into any form of body armour.
((Your flesh is heat resistant. (rF+)))
((You are cold-blooded and may be slowed by cold attacks.))


   Skills:
 + Level 3.3 Fighting
 - Level 1.7 Dodging
 * Level 5.1 Unarmed Combat
 - Level 4.0 Spellcasting
 * Level 8.0 Transmutations
 * Level 5.5 Ice Magic
 - Level 2.9 Poison Magic


You had 6 spell levels left.
You knew the following spells:

 Your Spells              Type           Power      Damage    Failure   Level
a - Beastly Appendage     Tmut           60%        N/A       1%          1
b - Wereblood             Tmut           30%        N/A       1%          2
c - Spider Form           Tmut/Pois      22%        N/A       4%          3
d - Ice Form              Ice/Tmut       26%        N/A       10%         4

Your spell library contained the following spells:

 Spells                   Type           Power      Damage    Failure   Level
 Passwall                 Tmut/Erth      14%        N/A       4%          2
 Ensorcelled Hibernation  Hex/Ice        24%        N/A       8%          2
 Kiss of Death            Conj/Necr      12%        2d6       16%         1
 Static Discharge         Conj/Air       6%         2-3/arc   24%         2
 Confusing Touch          Hex            3%         N/A       43%         3
 Swiftness                Air            3%         N/A       43%         3
 Volatile Blastmotes      Fire/Tloc      6%         2d10      43%         3
 Airstrike                Air            1%         2d(1-17)  83%         4
 Dispel Undead            Necr           3%         3d7       83%         4
 Fulminant Prism          Conj/Hex       1%         3d5       83%         4
 Iskenderun's Mystic Bla  Conj/Tloc      3%         2d3       83%         4
 Manifold Assault         Tloc           3%         N/A       83%         4
 Summon Lightning Spire   Summ/Air       3%         N/A       83%         4
 Lee's Rapid Deconstruct  Erth           1%         3d4*      99%         5
 Dispersal                Tloc           1%         N/A       100%        6
 Disjunction              Tloc           1%         N/A       100%        8

Inventory:

Hand Weapons
 f - the +6 dagger "Icegh" (melded) {heavy, rElec Int+6}
   (You found it on level 3 of the Dungeon)

   Int:       It affects your intelligence (+6).
   rElec:     It insulates you from electricity.
Missiles
 b - 57 stones
 e - a boomerang
 j - 7 poisoned darts
 k - 5 curare-tipped darts {=f}
 r - 2 throwing nets {=f!f}
Magical Staves
 n - a staff of cold {!a}
   (You found it on level 3 of the Dungeon)
Wands
 q - a wand of iceblast (10)
   (You took it off an orc on level 5 of the Dungeon)
Scrolls
 i - 2 scrolls of teleportation {@r4}
 o - a scroll of poison {!r}
Potions
 a - a potion of lignification {!q}
 c - 2 potions of mutation {unknown}
 d - 3 potions of might
 g - a potion of resistance {unknown}
 h - a potion of degeneration {unknown}
 l - 5 potions of enlightenment
 m - 2 potions of heal wounds {@q2}
 p - a potion of berserk rage {unknown}

Dungeon Overview and Level Annotations

Branches:
Dungeon (6/15) Zot: 26806  Temple (1/1) D:4 Zot: 5930   Sewer (visited)

Altars:
Cheibriados
Dithmenos
Elyvilon
Fedhas
Gozag
Kikubaaqudgha
Makhleb
Nemelex Xobeh
Okawaru
Qazlal
Sif Muna
Uskayaw
Vehumet
Xom
Zin
The Shining One

..~~~~. .⌠~~~~. ..~~~~.
....... ....... #.z)###
#)z.##### ###s.....#
#.Y..~...########
.............##..##..#
###........#.........#
#.................###
##..........##..#...#
............##.##..##
...........#.#..##....
............#..........
.................#


You could see a scorpion and a wight.


Message History

You kill the jelly!
The wight barely misses you. 😨 HP[+2]
You regained 2 hp, and now have 27/78 hp.
Unknown command.
You pummel the wight!! You freeze the wight.
You feel a bit better.
You destroy the wight!
The wight barely misses you.
The wight hits you but does no damage. 😨 HP[+3]
You now have 79 max hp (+1).
You regained 3 hp, and now have 30/79 hp.
You punch the wight! You freeze the wight.
You feel a bit better.
You destroy the wight!
The wight closely misses you.
A scorpion comes into view.
Your Unarmed Combat skill increases to level 5! 😨 HP[+2]
You now have 81 max hp (+2).
You regained 2 hp, and now have 32/81 hp.
Unknown command.
You punch the wight! The wight hits you with a +4 battleaxe.
* * * LOW HITPOINT WARNING * * *
The wight hits you with a +0 dagger.
* * * LOW HITPOINT WARNING * * *
You feel drained.
The wight hits you from afar with a +0 spear.
* * * LOW HITPOINT WARNING * * *
😨 HP[-7]
You now have 80 max hp (-1).
You take 7 damage, and now have 25/80 hp.
You punch the wight! You freeze the wight. The wight barely misses you.
The wight hits you from afar with a +0 spear.
* * * LOW HITPOINT WARNING * * *
You feel drained.
* * * LOW HITPOINT WARNING * * *
The wight barely misses you. 😨 HP[-5] MP[+1]
You now have 79 max hp (-1).
You take 5 damage, and now have 20/79 hp.
Unknown command.
You hit the wight. The wight closely misses you.
You barely miss the wight. The wight closely misses you.
The wight hits you with a +4 battleaxe.
* * * LOW HITPOINT WARNING * * *
You feel drained.
* * * LOW HITPOINT WARNING * * *
😱 HP[-3]
You now have 78 max hp (-1).
You take 3 damage, and now have 17/78 hp.
You hit the wight. The wight hits you but does no damage.
The wight hits you from afar with a +0 spear!
* * * LOW HITPOINT WARNING * * *
😱 HP[-8]
You take 8 damage, and now have 9/78 hp.
Unknown command.
You punch the wight!
You feel a bit better.
You destroy the wight!
The wight barely misses you. 😱 HP[+1]
You now have 79 max hp (+1).
You punch the wight!
You feel a bit better.
You destroy the wight!
You warm up again.
The +6 dagger "Icegh" {heavy, rElec Int+6} unmelds from your body.
The wight barely misses you.
Your Transmutations skill increases to level 8!
You now have 67 max hp (-12).
Unknown command.
You howl as the wereblood boils in your veins!
Casting: Wereblood (safe; 1% risk of failure)
Confirm with . or Enter, or press ? or * to list all spells.
You miscast Ice Form.
You are very lightly contaminated with residual magic.
Nothing appears to happen.
The scorpion stings you.
* * * LOW HITPOINT WARNING * * *
You are poisoned.
The scorpion poisons you! 😱 HP[-1] MP[-3]
You take 1 damage, and now have 9/67 hp.
You lost 3 mp, and now have 10/15 mp.
Casting: Ice Form (dangerous; 6% risk of failure)
Confirm with . or Enter, or press ? or * to list all spells.
You turn into a creature of crystalline ice.
The +6 dagger "Icegh" {heavy, rElec Int+6} melds into your body.
You howl as the wereblood boils in your veins!
You feel sick. The wight closely misses you.
The scorpion stings you but does no damage.
Your primal bloodlust is almost over.
You feel sick.
The scorpion stings you but does no damage.
The wight closely misses you. 😱 MP[-4]
You now have 80 max hp (+13).
You lost 4 mp, and now have 6/15 mp.
Unknown command.
You hit the scorpion but do no damage.
You feel sick.
The scorpion stings you but does no damage.
The wight hits you from afar with a +0 spear!
* * * LOW HITPOINT WARNING * * *
You feel drained.
You die...

Skill      XL: |  1  2  3  4  5  6  7  8  9 |
---------------+----------------------------+-----
Transmutations | 3 4 5 6 7 8 |  8.0
Poison Magic   | 1 2 |  2.9
Spellcasting   | 3 4 |  4.0
Ice Magic      | 2 3 5 |  5.5
Fighting       | 2 3 |  3.3
Unarmed Combat | 4 5 |  5.1
Dodging        | |  1.7

Action                     |  1- 3 |  4- 6 |  7- 9 || total
---------------------------+-------+-------+-------++-------
  Melee: Unarmed           |    99 |    39 |   214 ||   352
         Tailslap          |    11 |    11 |    10 ||    32
         Kick              |    21 |    12 |       ||    33
         Headbutt          |    14 |     3 |       ||    17
         Punch             |     1 |     1 |     2 ||     4
         Dagger            |       |    59 |    48 ||   107
   Cast: Beastly Appendage |    30 |     7 |     1 ||    38
         Wereblood         |     1 |     3 |     7 ||    11
         Spider Form       |       |     1 |     4 ||     5
         Ice Form          |       |       |    14 ||    14
    Use: Scroll            |     3 |     2 |     2 ||     7
         Potion            |       |     2 |     1 ||     3
   Stab: Sleeping          |     2 |     1 |       ||     3
 Armour: Skin              |    34 |    38 |    79 ||   151
  Dodge: Dodged            |    66 |    79 |   110 ||   255

Levels and vault maps discovered:
D:1:      lightli_arrival_maybe_door_vault, layout_basic,
          hellmonk_ecumenical_altar_watching_god, serial_bayou_lake_a
D:2:      minmay_wonky_spiral, layout_basic, basic_altar
D:3:      layout_basic, portal_sewer_entry_c, uniq_sigmund, uniq_jessica
D:4:      layout_rooms, chequers_temple_overflow_minitemple,
          fedhas_altar_decomposition, minmay_temple_entry_slanted
D:5:      layout_loops_ring, ebering_ghost_sewer_f
D:6:      layout_cave_pools, old_standard_altar, lemuel_tele_altar,
          hangedman_glass_teeth, serial_park_tiny_pond
Temple:   nicolae_temple_two_arcs

Notes
Turn   | Place    | Note
-------+----------+-------------------------------------------
     0 | D:1      | kae the Draconian Transmuter began the quest for the Orb.
     0 | D:1      | Reached XP level 1. HP: 16/16 MP: 3/3
     0 | D:1      | magus.rc [v1.11.3]
   600 | D:1      | Reached XP level 2. HP: 23/23 MP: 3/5
   686 | D:1      | Noticed an eye of devastation
   690 | D:1      | Found a faded altar of an unknown god.
   693 | D:1      | Noticed a shining eye
   698 | D:1      | Noticed a golden eye
   784 | D:1      | Noticed an eye of devastation
   887 | D:2      | Found a blossoming altar of Fedhas.
   898 | D:2      | Learned a level 2 spell: Wereblood
   904 | D:2      | Reached skill level 3 in Transmutations
   956 | D:2      | Reached XP level 3. HP: 24/28 MP: 4/6
   960 | D:2      | Learned a level 3 spell: Spider Form
  1340 | D:2      | You pick up a book of Burglary and begin reading...
  1340 | D:2      | You add the spells Passwall, Ensorcelled Hibernation and
                  | Swiftness to your library.
  1438 | D:2      | Reached skill level 1 in Poison Magic
  1509 | D:2      | You pick up a book of Blasting and begin reading...
  1509 | D:2      | You add the spells Volatile Blastmotes, Fulminant Prism,
                  | Iskenderun's Mystic Blast and Lee's Rapid Deconstruction to
                  | your library.
  2102 | D:3      | You pick up a book of Touch and begin reading...
  2102 | D:3      | You add the spells Kiss of Death, Confusing Touch and
                  | Dispel Undead to your library.
  2145 | D:3      | Reached XP level 4. HP: 29/35 MP: 2/8
  2199 | D:3      | Reached skill level 3 in Spellcasting
  2205 | D:3      | Identified the +6 dagger "Icegh" {heavy, rElec Int+6}
  2298 | D:3      | Found a glowing drain.
  2324 | D:3      | Reached skill level 2 in Poison Magic
  2324 | D:3      | Reached XP level 5. HP: 40/40 MP: 6/9
  2331 | Sewer    | Entered a sewer
  2417 | Sewer    | Reached skill level 4 in Transmutations
  2425 | Sewer    | Reached XP level 6. HP: 14/47 MP: 11/11
  2560 | Sewer    | Found a white marble altar of Elyvilon.
  2669 | D:3      | Learned a level 4 spell: Ice Form
  2776 | D:3      | Noticed Jessica
  2781 | D:3      | Killed Jessica
  2952 | D:3      | Noticed Sigmund
  2971 | D:3      | Killed Sigmund
  2972 | D:3      | Reached skill level 4 in Spellcasting
  2972 | D:3      | Reached skill level 2 in Ice Magic
  3142 | D:4      | Found a staircase to the Ecumenical Temple.
  3145 | D:4      | Reached skill level 5 in Transmutations
  3145 | D:4      | Your scales start taking on a fiery red colour.
  3145 | D:4      | Reached XP level 7. HP: 52/52 MP: 13/13
  3145 | D:4      | Gained mutation: Your flesh is heat resistant. (rF+) [Red
                  | Draconian growth]
  3153 | Temple   | Entered the Ecumenical Temple
  3368 | D:4      | You pick up a book of Storms and begin reading...
  3368 | D:4      | You add the spells Static Discharge, Airstrike and Summon
                  | Lightning Spire to your library.
  3387 | D:4      | Found a blossoming altar of Fedhas.
  3475 | D:4      | Reached skill level 3 in Ice Magic
  3611 | D:4      | Reached skill level 6 in Transmutations
  3939 | D:4      | Found an ancient bone altar of Kikubaaqudgha.
  3939 | D:4      | Found a snail-covered altar of Cheibriados.
  3956 | D:4      | HP: 12/52 [orc/+1 war axe of electrocution (18)]
  4103 | D:4      | Found a faded altar of an unknown god.
  4105 | D:4      | Found a burning altar of Makhleb.
  4107 | D:4      | Found a stormy altar of Qazlal.
  4146 | D:4      | Reached XP level 8. HP: 59/59 MP: 9/14
  4159 | D:4      | You pick up a book of the Warp and begin reading...
  4159 | D:4      | You add the spells Manifold Assault, Dispersal and
                  | Disjunction to your library.
  4404 | D:5      | Entered Level 5 of the Dungeon
  4486 | D:5      | Reached skill level 4 in Ice Magic
  4718 | D:5      | Found a runed translucent door.
  4722 | D:5      | Noticed Vorhees's ghost (novice MfGl)
  4944 | D:5      | Reached skill level 7 in Transmutations
  5392 | D:5      | Found a runed translucent door.
  5445 | D:5      | Killed Vorhees's ghost
  5446 | D:5      | Reached skill level 2 in Fighting
  5446 | D:5      | Reached skill level 4 in Unarmed Combat
  5446 | D:5      | Reached skill level 5 in Ice Magic
  5528 | D:5      | Reached XP level 9. HP: 64/68 MP: 11/15
  5695 | D:6      | Found a shimmering blue altar of Sif Muna.
  5777 | D:6      | Reached skill level 3 in Fighting
  5781 | D:6      | Reached skill level 5 in Unarmed Combat
  5784 | D:6      | HP: 18/79 [wight/+4 battleaxe (3)]
  5788 | D:6      | Reached skill level 8 in Transmutations
  5790 | D:6      | HP: 9/67 [scorpion (1)]
  5793 | D:6      | HP: 1/80 [wight/+0 spear (7)]
  5793 | D:6      | Slain by a wight

Vanquished Creatures
  The ghost of Vorhees the Spear-Bearer, a novice MfGl of Gozag (D:5)
  Sigmund (D:3)
  2 water moccasins
  A sky beast (D:6)
  A black bear (D:5)
  An ogre (D:4)
  A centaur (D:5)
  2 kobold brigands (Sewer)
  3 necrophages (D:4)
  A bullfrog (D:6)
  A gnoll sergeant (D:5)
  4 wights (D:6)
  A bullfrog zombie (D:4)
  5 orc priests
  A jelly (D:6)
  2 hounds
  Jessica (D:3)
  3 orc wizards
  8 gnolls
  5 river rats
  7 adders
  A white imp (D:5)
  2 adder zombies (D:4)
  5 worms
  A dart slug (D:2)
  27 orcs
  3 endoplasms (D:2)
  5 giant cockroaches
  5 goblins
  9 hobgoblins
  4 jackals (Sewer)
  9 ball pythons
  3 bats (D:2)
  2 frilled lizards
  12 kobolds
  8 rats
148 creatures vanquished.

Vanquished Creatures (others)
  An orc wizard (D:5)
  An orc (D:5)
2 creatures vanquished.

Grand Total: 150 creatures vanquished

Table legend:
 A = Non-vault XP
 B = Vault XP
 C = Vault XP percentage of total XP
 D = Non-vault monster count
 E = Vault monster count
 F = Vault count percentage of total count
                 A         B        C        D         E       F
            +---------+---------+-------+---------+---------+-------
      Total |    2085 |    1483 |  41.6 |     112 |      38 |  25.3
            +---------+---------+-------+---------+---------+-------
        D:1 |      32 |       0 |   0.0 |      13 |       0 |   0.0
        D:2 |      54 |       7 |  11.5 |      21 |       4 |  16.0
        D:3 |      95 |     317 |  76.9 |      17 |      10 |  37.0
        D:4 |     377 |     327 |  46.4 |      28 |       6 |  17.6
        D:5 |     760 |     605 |  44.3 |      21 |       4 |  16.0
        D:6 |     767 |       0 |   0.0 |      12 |       0 |   0.0
      Sewer |       0 |     227 | 100.0 |       0 |      14 | 100.0
            +---------+---------+-------+---------+---------+-------

Skill      XL: |  1  2  3  4  5  6  7  8  9 |
---------------+----------------------------+-----
Transmutations | 3 4 5 6 7 8 |  8.0
Poison Magic   | 1 2 |  2.9
Spellcasting   | 3 4 |  4.0
Ice Magic      | 2 3 5 |  5.5
Fighting       | 2 3 |  3.3
Unarmed Combat | 4 5 |  5.1
Dodging        | |  1.7

Action                     |  1- 3 |  4- 6 |  7- 9 || total
---------------------------+-------+-------+-------++-------
  Melee: Unarmed           |    99 |    39 |   214 ||   352
         Tailslap          |    11 |    11 |    10 ||    32
         Kick              |    21 |    12 |       ||    33
         Headbutt          |    14 |     3 |       ||    17
         Punch             |     1 |     1 |     2 ||     4
         Dagger            |       |    59 |    48 ||   107
   Cast: Beastly Appendage |    30 |     7 |     1 ||    38
         Wereblood         |     1 |     3 |     7 ||    11
         Spider Form       |       |     1 |     4 ||     5
         Ice Form          |       |       |    14 ||    14
    Use: Scroll            |     3 |     2 |     2 ||     7
         Potion            |       |     2 |     1 ||     3
   Stab: Sleeping          |     2 |     1 |       ||     3
 Armour: Skin              |    34 |    38 |    79 ||   151
  Dodge: Dodged            |    66 |    79 |   110 ||   255

Illustrated notes

Table legend:
 A = Kills in this place as a percentage of kills in the entire game.
 B = Kills by you in this place as a percentage of kills by you in the entire game.
 C = Kills by friends in this place as a percentage of kills by friends in the entire game.
 D = Other kills in this place as a percentage of other kills in the entire game.
 E = Experience gained in this place as a percentage of experience gained in the entire game.
 F = Experience gained in this place divided by the number of levels of this place that you have seen.
                   A       B       C       D       E      F
               +-------+-------+-------+-------+-------+----------------------
         Total | 100.0 | 100.0 |   N/A | 100.0 | 100.0 | 446.0
       Dungeon |  90.7 |  90.5 |   N/A | 100.0 |  93.6 | 556.8
         Sewer |   9.3 |   9.5 |   N/A |   0.0 |   6.4 | 227.0
               +-------+-------+-------+-------+-------+----------------------

Table legend: (Time is in decaauts)
 A = Elapsed time spent in this place.
 B = Non-inter-level travel time spent in this place.
 C = Inter-level travel time spent in this place.
 D = Time resting spent in this place.
 E = Time spent auto-exploring this place.
 F = Levels seen in this place.
 G = Mean time per level.
                   A        B        C        D        E       F      G
               +--------+--------+--------+--------+--------+-----+--------+
         Total |   5894 |   5743 |    151 |      0 |   4418 |   8 |  736.8 |
       Dungeon |   5440 |   5289 |    151 |      0 |   4168 |   6 |  906.7 |
        Temple |     69 |     69 |      0 |      0 |      0 |   1 |   69.0 |
         Sewer |    384 |    384 |      0 |      0 |    250 |   1 |  384.0 |
               +--------+--------+--------+--------+--------+-----+--------+

Top non-repeatable levels by time:
     D:2: 1206 daAuts
     D:4: 1202 daAuts
     D:5: 1197 daAuts
     D:1: 903 daAuts
     D:3: 739 daAuts
   Sewer: 384 daAuts
     D:6: 192 daAuts
  Temple: 69 daAuts
